 Dungeon Crawl Stone Soup version 0.25-a0-577-ga4619f409e (webtiles) character file.

Game seed: 14607930674222210577, levelgen mode: deterministic

1193 kae the Covert (level 8, -3/41 HPs)
             Began as a Vampire Enchanter on Mar 2, 2020.
             Slain by a phantom (7 damage)
             ... on level 5 of the Dungeon.
             The game lasted 00:08:08 (5492 turns).

kae the Covert (Vampire Enchanter)                  Turns: 5492, Time: 00:08:09

Health: -3/41      AC:  3    Str:  9    XL:     8   Next: 20%
Magic:  14/14      EV: 12    Int: 17    God:
Gold:   172        SH:  0    Dex: 15    Spells: 3/15 levels left

rFire    . . .     SeeInvis +   r - +4 dagger (venom)
rCold    + + .     Gourm    .   (no shield)
rNeg     + + +     Faith    .   s - +0 leather armour
rPois    ∞         Spirit   .   (no helmet)
rElec    .         Reflect  .   (no cloak)
rCorr    .         Harm     .   (no gloves)
MR       .....                  (no boots)
Stlth    ++++++....             (no amulet)
HPRegen  0.00/turn              (no ring)
MPRegen  0.14/turn              (no ring)

@: flying, bloodless
A: no food, fangs 3, see invisible, unbreathing
a: Bat Form, Revivify


You were on level 5 of the Dungeon.
You were bloodless.

You visited 1 branch of the dungeon, and saw 5 of its levels.

You collected 172 gold pieces.

Inventory:

Hand Weapons
 a - a +2 dagger
 r - a +4 dagger of venom (weapon)
Armour
 s - a +0 leather armour (worn)
Wands
 f - a wand of polymorph (14)
Scrolls
 b - 2 scrolls of fog {unknown}
 c - 2 scrolls of magic mapping
 d - a scroll of teleportation
 e - 5 scrolls of remove curse
 g - a scroll of noise {unknown}
 j - 2 scrolls of amnesia
 m - a scroll of identify
Potions
 i - 2 potions of lignification {unknown}
 k - a potion of resistance {unknown}
 l - a potion of cancellation {unknown}
 n - 2 potions of mutation {unknown}
 o - 2 potions of invisibility {unknown}
 q - 2 potions of might


   Skills:
 * Level 6.8 Short Blades
 - Level 2.1 Dodging
 + Level 8.1 Stealth
 + Level 4.3 Spellcasting
 + Level 7.7 Hexes


You had 3 spell levels left.
You knew the following spells:

 Your Spells              Type           Power        Failure   Level  Hunger
a - Corona                Hex            ####...      1%          1    N/A
b - Ensorcelled Hibernat  Hex/Ice        ###...       7%          2    N/A
c - Confusing Touch       Hex            ####....     2%          3    N/A
d - Tukima's Dance        Hex            ####....     2%          3    N/A
e - Dazzling Flash        Conj/Hex       ###...       13%         3    N/A

Your spell library contained the following spells:

 Spells                   Type           Power        Failure   Level  Hunger


Dungeon Overview and Level Annotations

Branches:
Dungeon (5/15)
 Temple: D:4-7

Altars:
Okawaru


Innate Abilities, Weirdness & Mutations

You do not eat.
You do not regenerate when monsters are visible.
You are frail without blood (-20% HP).
You can heal yourself when you bite living creatures.
You are immune to poison.
You have razor-sharp teeth.
You have supernaturally acute eyesight. (SInv)
You can survive without breathing.


Message History

The phantom hits you.
* * * LOW HITPOINT WARNING * * *
You hit the shadow imp.
The shadow imp is poisoned.
The shadow imp is severely wounded.
The shadow imp hits you.
* * * LOW HITPOINT WARNING * * *
The phantom closely misses you.
Okay, then.
You hit the shadow imp.
You kill the shadow imp!
The phantom hits you.
* * * LOW HITPOINT WARNING * * *
Things that are here:
a stone; a poisoned dart
Okay, then.
Okay, then.
It was a potion of flight.
You feel very buoyant.
You fly up into the air.
The phantom hits you!
You die...

######.####.## ##
....##(####..#####...
.....)()().(.........
....##(..(...........
###.##..#####.#####.
# ####..#####..## .#
# #..#.......# ..# .
#..#.####.(###...#. #
#..# ##$@....... #..#
#(W######. #..#
##(?....# #))###.#
#.... ##..## ... ....
##.##


You could see a phantom.

Vanquished Creatures
  Edmund (D:4)
  Duvessa (D:4)
  3 ogres
  A centaur (D:5)
  Dowan (D:4)
  A howler monkey (D:4)
  A crimson imp (D:4)
  A centaur zombie (D:5)
  2 hounds
  A jelly (D:5)
  Ijyb (D:4)
  An iguana (D:5)
  Natasha (thrice) (D:4)
  3 worker ants
  5 gnolls
  5 adders
  A shadow imp (D:5)
  2 oozes (D:1)
  An adder skeleton (D:5)
  3 worms
  2 dart slugs
  2 leopard geckos
  11 orcs
  A ball python (D:1)
  4 giant cockroaches
  7 goblins
  13 hobgoblins
  3 jackals (D:1)
  4 quokkas
  6 bats
  4 frilled lizards
  12 kobolds
  A quokka skeleton (D:4)
  3 rats
111 creatures vanquished.

Notes
Turn   | Place    | Note
-------+----------+-------------------------------------------
     0 | D:1      | kae the Vampire Enchanter began the quest for the Orb.
     0 | D:1      | Reached XP level 1. HP: 13/13 MP: 3/3
    32 | D:1      | Reached XP level 2. HP: 19/19 MP: 5/5
    36 | D:1      | Learned a level 2 spell: Ensorcelled Hibernation
   461 | D:1      | Reached XP level 3. HP: 24/24 MP: 6/6
   514 | D:1      | Reached skill level 5 in Stealth
   750 | D:2      | Reached skill level 5 in Hexes
  1065 | D:2      | Reached XP level 4. HP: 29/30 MP: 7/7
  1955 | D:3      | Reached XP level 5. HP: 28/28 MP: 9/9
  1992 | D:3      | Found an iron altar of Okawaru.
  2959 | D:4      | Noticed Dowan
  2981 | D:3      | HP: 1/28 [worker ant (8)]
  3271 | D:4      | Reached skill level 6 in Stealth
  3271 | D:4      | Reached XP level 6. HP: 32/32 MP: 7/10
  3298 | D:4      | Noticed Duvessa
  3726 | D:4      | Noticed Natasha
  3732 | D:4      | Killed Natasha
  3809 | D:4      | Noticed Edmund
  3813 | D:4      | Killed Edmund
  3869 | D:4      | Reached skill level 5 in Short Blades
  3869 | D:4      | Reached XP level 7. HP: 36/36 MP: 12/12
  3977 | D:4      | Killed Duvessa
  3977 | D:4      | Reached skill level 7 in Stealth
  3983 | D:4      | Killed Dowan
  4165 | D:4      | Noticed Ijyb
  4174 | D:4      | Killed Ijyb
  4215 | D:4      | Noticed Natasha
  4223 | D:4      | Killed Natasha
  4718 | D:4      | Noticed Natasha
  4727 | D:4      | Killed Natasha
  4749 | D:5      | Entered Level 5 of the Dungeon
  4854 | D:5      | Learned a level 3 spell: Confusing Touch
  4858 | D:5      | Learned a level 3 spell: Tukima's Dance
  4862 | D:5      | Learned a level 3 spell: Dazzling Flash
  5296 | D:5      | Reached XP level 8. HP: 33/41 MP: 1/14
  5414 | D:5      | Reached skill level 8 in Stealth
  5492 | D:5      | Slain by a phantom

Levels and vault maps discovered:
D:1:      nagdon_arrival_zigzag_paths, layout_loops_ring
D:2:      layout_loops_cross, minmay_pentomino_r4
D:3:      layout_basic, okawaru_altar_gauntlet_db
D:4:      layout_loops_ring, first_ration, minivault_26, columned_hall_lemuel,
          uniq_edmund, uniq_ijyb, uniq_duvessa, uniq_natasha
D:5:      layout_basic, basic_altar

Skill      XL: |  1  2  3  4  5  6  7  8 |
---------------+-------------------------+-----
Short Blades   | 2 3 4 5 6 |  6.8
Stealth        | 5 6 7 8 |  8.1
Hexes          | 5 6 7 |  7.7
Spellcasting   | 3 4 |  4.3
Dodging        | |  2.1

Action                   |  1- 3 |  4- 6 |  7- 9 || total
-------------------------+-------+-------+-------++-------
Melee: Dagger            |    91 |   166 |    80 ||   337
       Bite              |     5 |    11 |     9 ||    25
 Cast: Corona            |     4 |     1 |     3 ||     8
       Ensorcelled Hiber |     6 |    42 |    24 ||    72
 Abil: Exsanguinate      |       |     1 |       ||     1
  Use: Scroll            |     3 |     5 |       ||     8
       Potion            |       |     5 |     3 ||     8
 Stab: Sleeping          |    16 |    26 |    14 ||    56
Armor: Robe              |    19 |    26 |     4 ||    49
       Leather armour    |       |       |     8 ||     8
Dodge: Dodged            |    57 |    93 |    43 ||   193

Table legend:
 A = Non-vault XP
 B = Vault XP
 C = Vault XP percentage of total XP
 D = Non-vault monster count
 E = Vault monster count
 F = Vault count percentage of total count
                 A         B        C        D         E       F
            +---------+---------+-------+---------+---------+-------
      Total |    1221 |     484 |  28.4 |      96 |      15 |  13.5
            +---------+---------+-------+---------+---------+-------
        D:1 |      61 |       0 |   0.0 |      20 |       0 |   0.0
        D:2 |      98 |      29 |  22.8 |      21 |       4 |  16.0
        D:3 |      81 |      11 |  12.0 |      17 |       6 |  26.1
        D:4 |     553 |     444 |  44.5 |      18 |       5 |  21.7
        D:5 |     428 |       0 |   0.0 |      20 |       0 |   0.0
            +---------+---------+-------+---------+---------+-------
